 Dungeon Crawl Stone Soup version 0.23-a0-136-g722f094 (webtiles) character file.

96 torrenera the Chopper (level 4, -4/35 HPs)
             Began as a Formicid Abyssal Knight on Aug 28, 2018.
             Was a Believer of Lugonu.
             Killed by nerve-wracking pain
             ... invoked by a shadow imp
             ... summoned by Natasha
              (14 damage)
             ... on level 3 of the Dungeon.
             The game lasted 00:03:24 (2253 turns).

torrenera the Chopper (Formicid Abyssal Knight)     Turns: 2253, Time: 00:03:24

Health: -4/35      AC:  8    Str: 17    XL:     4   Next: 98%
Magic:  5/5        EV:  7    Int: 12    God:    Lugonu [**....]
Gold:   104        SH:  0    Dex: 10    Spells: 3/3 levels left

rFire    . . .     SeeInvis +   a - +1 hand axe
rCold    . . .     Gourm    .   (no shield)
rNeg     . . .     Faith    .   d - +0 chain mail (curse)
rPois    .         Spirit   .   (helmet unavailable)
rElec    .         Reflect  .   (no cloak)
rCorr    .         Harm     .   (no gloves)
MR       .....                  (no boots)
Stlth    ..........             (no amulet)
HPRegen  0.11/turn              (no ring)
MPRegen  0.09/turn              (no ring)

@: no status effects
A: permanent stasis, dig shafts and tunnels, four strong arms, antennae 3
a: Dig, Shaft Self, Depart the Abyss, Bend Space, Renounce Religion


You were on level 3 of the Dungeon.
You worshipped Lugonu.
Lugonu was pleased with you.
You were hungry.

You visited 1 branch of the dungeon, and saw 3 of its levels.
You visited the Abyss 1 time.

You collected 104 gold pieces.

Inventory:

Hand Weapons
 a - a +1 hand axe (weapon)
Missiles
 j - 106 stones (quivered)
Armour
 d - a cursed +0 chain mail (worn)
Scrolls
 e - a scroll of amnesia {unknown}
 f - a scroll of blinking {unknown}
 g - a scroll of noise {unknown}
 i - 2 scrolls of magic mapping {unknown}
 k - 3 scrolls of teleportation {unknown}
 l - a scroll of random uselessness {unknown}
 n - 2 scrolls of fear {unknown}
 o - a scroll of identify {unknown}
 r - a scroll of enchant armour {unknown}
 v - a scroll of remove curse {unknown}
Potions
 b - 2 potions of degeneration {unknown}
 h - a potion of agility {unknown}
 m - a potion of cancellation {unknown}
 p - a potion of heal wounds {unknown}
 q - a potion of brilliance {unknown}
 t - a potion of magic {unknown}
 u - 2 potions of flight {unknown}
Comestibles
 c - 4 rations
 s - 4 chunks of flesh


   Skills:
 - Level 3.2 Fighting
 + Level 4.7 Axes
 - Level 2.1 Armour
 - Level 0.8 Dodging
 - Level 2.1 Invocations


You had 3 spell levels left.
You didn't know any spells.
Your spell library was empty.

Dungeon Overview and Level Annotations

Branches:
Dungeon (3/15)

Altars:
Fedhas
Ru
Uskayaw

Annotations:
D:3 Natasha


Innate Abilities, Weirdness & Mutations

You cannot be hasted, slowed, berserked, paralysed or teleported.
You can dig through walls and to a lower floor.
Your four strong arms can wield two-handed weapons with a shield.
You have a pair of large antennae on your head. (SInv)


Message History

Natasha barely misses you.
The shadow imp hits you but does no damage.
You hit Natasha.
Natasha is heavily wounded.
You closely miss the shadow imp.
You are feeling hungry.
Natasha casts a spell at you. The magic dart hits you!
* * * LOW HITPOINT WARNING * * *
The shadow imp hits you but does no damage.
Are you sure you want to shaft yourself?
You feel somewhat more hungry. Natasha closely misses you.
The shadow imp gestures at you.
You barely resist.
You begin to dig a shaft.
You continue digging a shaft.
Natasha stares at you and mumbles some strange words.
You resist with some effort. The shadow imp gestures at you.
Pain shoots through your body!
You die...

# #.###### #.#....####
#..<......##########
#.#5##.##........... #
#h##.#############
#####.#@##...........#
.......5############.###
#####.)## #...( ##.
##### #. #. !. .$ #.


You could see Natasha, a crimson imp and a shadow imp.

Vanquished Creatures
  Terence (D:2)
  An adder (D:2)
  An ooze (D:1)
  2 worms (D:2)
  4 dart slugs
  3 giant cockroaches
  3 goblins (D:1)
  7 hobgoblins
  6 jackals (D:1)
  6 kobolds
  6 bats
  A frilled lizard (D:1)
  A rat (D:1)
42 creatures vanquished.

Notes
Turn   | Place    | Note
-------+----------+-------------------------------------------
     0 | Abyss:1  | torrenera the Formicid Abyssal Knight began the quest for
                  | the Orb.
     0 | Abyss:1  | Reached XP level 1. HP: 18/18 MP: 2/2
    69 | Abyss:1  | Noticed a quasit
    74 | D:1      | Escaped the Abyss
   308 | D:1      | Reached XP level 2. HP: 21/24 MP: 3/3
   344 | D:1      | Reached * piety under Lugonu
   401 | D:1      | Reached skill level 3 in Axes
   749 | D:1      | Reached XP level 3. HP: 29/29 MP: 4/4
  1240 | D:2      | Found a hide-covered altar of Uskayaw.
  1305 | D:2      | Noticed a hand axe
  1305 | D:2      | Noticed a hand axe
  1350 | D:2      | Reached skill level 4 in Axes
  1350 | D:2      | Reached XP level 4. HP: 20/35 MP: 5/5
  1637 | D:2      | Found a sacrificial altar of Ru.
  1639 | D:2      | Found a blossoming altar of Fedhas.
  1683 | D:2      | Noticed Terence
  1706 | D:2      | Killed Terence
  1723 | D:2      | Reached ** piety under Lugonu
  2241 | D:3      | Noticed Natasha
  2253 | D:3      | Killed from afar by a shadow imp

Vault maps used:
D:1:      dpeg_arrival_castle
D:2:      dancing_weapons_uskayaw, chequers_temple_overflow_statue_of_worship,
          uniq_terence
D:3:      ashenzari_altar_1, first_ration, led_sif_pool, uniq_natasha
Abyss:1:  gammafunk_corrupted_shrine

Skill      XL: |  1  2  3 |
---------------+----------+-----
Axes           | 3 4 |  4.7
Fighting       | |  3.2
Armour         | |  2.1
Dodging        | |  0.8
Invocations    | |  2.1

Action                   |  1- 3 |  4- 6 || total
-------------------------+-------+-------++-------
Melee: Hand axe          |   115 |    70 ||   185
Invok: Depart the Abyss  |     1 |       ||     1
 Abil: Shaft Self        |       |     1 ||     1
  Eat: Chunk             |     1 |     3 ||     4
Armor: Chain mail        |   104 |    47 ||   151
Dodge: Dodged            |    54 |    36 ||    90

Table legend:
 A = Non-vault XP
 B = Vault XP
 C = Vault XP percentage of total XP
 D = Non-vault monster count
 E = Vault monster count
 F = Vault count percentage of total count
                 A         B        C        D         E       F
            +---------+---------+-------+---------+---------+-------
      Total |     102 |      36 |  26.1 |      41 |       1 |   2.4
            +---------+---------+-------+---------+---------+-------
        D:1 |      52 |       0 |   0.0 |      25 |       0 |   0.0
        D:2 |      45 |      36 |  44.4 |      14 |       1 |   6.7
        D:3 |       5 |       0 |   0.0 |       2 |       0 |   0.0
            +---------+---------+-------+---------+---------+-------
